 Dungeon Crawl Stone Soup version 0.27-a0-262-gc50aac273e (webtiles) character file.

Game seed: 17808409761793519766

198 Borgoz the Slasher (level 5, -1/45 HPs)
             Began as a Ghoul Gladiator on Feb 5, 2021.
             Slain by a gnoll
             ... wielding a +0 halberd
              (12 damage)
             ... on level 3 of the Dungeon.
             The game lasted 00:02:27 (2631 turns).

Borgoz the Slasher (Ghoul Gladiator)                Turns: 2631, Time: 00:02:27

Health: -1/45      AC:  4    Str: 15 (18) XL:     5   Next: 76%
Magic:  4/4        EV: 12    Int:  3      God:
Gold:   102        SH:  0    Dex: 10 (11) Spells: 4/4 levels left

rFire    + . .     SeeInvis .   a - +0 long sword
rCold    + + .     Faith    .   (no shield)
rNeg     + + +     Spirit   .   b - +0 leather armour
rPois    ∞         Reflect  .   c - +0 helmet
rElec    .         Harm     .   m - scarf {rC+ rF+}
rCorr    .         Rampage  .   (no gloves)
Will     .....                  (no boots)
Stlth    +.........             (no amulet)
HPRegen  0.00/turn              (no ring)
MPRegen  0.09/turn              (no ring)

@: slowed, very slow
A: claws 1, cold resistance 1, negative energy resistance 3, inhibited
regeneration, torment resistance, unbreathing
a: no special abilities


You were on level 3 of the Dungeon.
You visited 1 branch of the dungeon, and saw 3 of its levels.

You collected 102 gold pieces.

Inventory:

Hand Weapons
 a - a +0 long sword (weapon)
Missiles
 d - 3 throwing nets (quivered)
Armour
 b - a +0 leather armour (worn)
 c - a +0 helmet (worn)
 m - a scarf of resistance (worn)
Jewellery
 q - an uncursed ring of positive energy {unknown}
Scrolls
 h - 3 scrolls of identify {unknown}
 i - 5 scrolls of immolation {unknown}
 n - a scroll of teleportation {unknown}
 o - a scroll of enchant weapon {unknown}
Potions
 f - a potion of might {unknown}
 k - 4 potions of lignification
 l - a potion of invisibility {unknown}
 p - a potion of flight {unknown}


   Skills:
 + Level 3.3 Fighting
 * Level 3.8 Long Blades
 - Level 1.7 Throwing
 * Level 2.6 Armour
 + Level 3.3 Dodging


You had 4 spell levels left.
You didn't know any spells.
Your spell library was empty.

Dungeon Overview and Level Annotations

Branches:
Dungeon (3/15)

Altars:
Wu Jian

Annotations:
D:3 Natasha


Innate Abilities, Weirdness & Mutations

You thrive by killing the living.
You are immune to poison.
You have sharp fingernails.
Your flesh is cold resistant. (rC+)
You are immune to negative energy. (rN+++)
You do not regenerate when monsters are visible.
You are immune to unholy pain and torment.
You can survive without breathing.


Message History

Natasha is moderately wounded.
The gnoll barely misses you. Natasha claws you.
* * * LOW HITPOINT WARNING * * *
Natasha closely misses you.
You riposte.
You hit Natasha.
Natasha is heavily wounded.
The gnoll closely misses you.
You feel better. Natasha barely misses you. The gnoll barely misses you.
Natasha claws you.
* * * LOW HITPOINT WARNING * * *
It was a potion of mutation.
You feel extremely strange.
Your body decomposes!
You feel clumsy.
Your body decomposes!
You feel weakened.
Your body decomposes!
You feel weakened.
Your body decomposes!
You feel weakened.
The gnoll hits you from afar with a +0 halberd!
You die...

#..........##..
...............
.......##......
.########...... # ###
............. #.##..
.######...... ##.....
#..#...
#......#############<....#
......)gh@.........(......
.......########<..#.#)##.#
....... #...........
..#.... #......#.... .
##### #.....##..(.
#...######## #...# #...#
#...#


You could see Natasha and a gnoll.

Vanquished Creatures
  6 gnolls (D:3)
  6 adders
  2 dart slugs
  8 orcs
  2 ball pythons
  4 bats
  5 giant cockroaches
  12 goblins
  8 hobgoblins
  2 jackals (D:2)
  7 kobolds
  2 quokkas (D:2)
  4 frilled lizards
  8 rats
76 creatures vanquished.

Notes
Turn   | Place    | Note
-------+----------+-------------------------------------------
     0 | D:1      | Borgoz the Ghoul Gladiator began the quest for the Orb.
     0 | D:1      | Reached XP level 1. HP: 17/17 MP: 0/0
   205 | D:1      | Reached XP level 2. HP: 25/25 MP: 1/1
   718 | D:1      | Reached skill level 1 in Armour
   917 | D:2      | Reached XP level 3. HP: 30/30 MP: 2/2
   944 | D:2      | Found an ornate altar of the Wu Jian Council.
  1394 | D:2      | Reached XP level 4. HP: 35/37 MP: 3/3
  2315 | D:3      | Reached XP level 5. HP: 45/45 MP: 4/4
  2617 | D:3      | Noticed Natasha
  2631 | D:3      | Slain by a gnoll

Illustrated notes

Levels and vault maps discovered:
D:1:      wander_arrival_abandoned_jail, layout_loops_ring, st_stairs_13
D:2:      layout_loops_ring, nzn_wu_jian_contemplation, wad_orctagon
D:3:      layout_rooms, minmay_tree_intersection, uniq_natasha

Skill      XL: |  1  2  3  4 |
---------------+-------------+-----
Long Blades    | 3 |  3.8
Armour         | 1 2 |  2.6
Dodging        | 3 |  3.3
Fighting       | 3 |  3.3
Throwing       | |  1.7

Action                   |  1- 3 |  4- 6 || total
-------------------------+-------+-------++-------
Melee: Long sword        |    85 |   159 ||   244
  Use: Potion            |       |     7 ||     7
Armor: Leather armour    |    31 |    48 ||    79
Dodge: Dodged            |    67 |   145 ||   212
       Rpst.: Long sword |    25 |    46 ||    71

Table legend: (Time is in decaauts)
 A = Elapsed time spent in this place.
 B = Non-inter-level travel time spent in this place.
 C = Inter-level travel time spent in this place.
 D = Time resting spent in this place.
 E = Time spent auto-exploring this place.
 F = Levels seen in this place.
 G = Mean time per level.
                   A        B        C        D        E       F      G
               +--------+--------+--------+--------+--------+-----+--------+
         Total |   2689 |   2642 |     47 |    429 |   1679 |   3 |  896.3 |
       Dungeon |   2689 |   2642 |     47 |    429 |   1679 |   3 |  896.3 |
               +--------+--------+--------+--------+--------+-----+--------+

Top non-repeatable levels by time:
     D:2: 1223 daAuts
     D:1: 884 daAuts
     D:3: 581 daAuts
